 Dungeon Crawl Stone Soup version 0.30.0-30-g96aa6591b8 (webtiles) character file.

Game seed: 18269072495712234450

50 LustLizard the Ruffian (level 3, -1/28 HPs)
             Began as a Demigod Transmuter on June 29, 2023.
             Slain by an adder (2 damage)
             ... on level 2 of the Dungeon.
             The game lasted 00:02:21 (1281 turns).

LustLizard the Ruffian (Demigod Transmuter)         Turns: 1281, Time: 00:02:21

Health: -1/28      AC:  2    Str: 15    XL:     3   Next: 35%
Magic:  5/8        EV:  9    Int: 15    God:
Gold:   91         SH:  0    Dex: 14    Spells: 3/6 levels left

rFire   . .          .
                       - Unarmed
rCold   . . .        (no shield)
rNeg    . . .        a - +0 robe
rPois   .            (helmet currently unavailable)
rElec   .            (no cloak)
rCorr   .            (no gloves)
SInv    .            (boots currently unavailable)
Will    .....        (no amulet)
Stlth   +            (no ring)
HPRegen 0.24/turn    (no ring)
MPRegen 0.11/turn

%: no passive effects
@: lethally poisoned (-1 -> -6), appendages (expiring), wereblooded, constricted
A: horns 2, talons 2, high MP 1, forlorn, divine attributes
a: End Transformation


You were on level 2 of the Dungeon.
You had temporarily grown beastly horns and talons.
You visited 1 branch of the dungeon, and saw 2 of its levels.

You collected 91 gold pieces.

Inventory:

Armour
 a - a +0 robe (worn)
 c - a +0 leather armour
Jewellery
 d - an amulet of guardian spirit
 l - a ring of resist corrosion
Scrolls
 e - a scroll of acquirement {unknown}
 g - a scroll of magic mapping {unknown}
 h - 2 scrolls of identify {unknown}
 i - a scroll of enchant armour {unknown}
 j - 2 scrolls of amnesia {unknown}
 m - a scroll of noise {unknown}
Potions
 b - 3 potions of lignification
 k - a potion of mutation {unknown}


   Skills:
 + Level 1.4 Fighting
 - Level 1.7 Dodging
 * Level 3.3 Unarmed Combat
 + Level 2.1 Spellcasting
 + Level 2.2 Transmutations


You had 3 spell levels left.
You knew the following spells:

 Your Spells              Type           Power      Damage    Failure   Level
a - Beastly Appendage     Tmut           16%        N/A       9%          1
b - Wereblood             Tmut           8%         N/A       13%         2

Your spell library contained the following spells:

 Spells                   Type           Power      Damage    Failure   Level
 Spider Form              Tmut/Pois      5%         N/A       38%         3
 Vhi's Electric Charge    Tloc/Air       2%         N/A       54%         3
 Ice Form                 Ice/Tmut       5%         N/A       80%         4
 Arcjolt                  Conj/Air       0%         1d10      99%         5
 Plasma Beam              Fire/Air       0%         2x1d11    100%        6


Dungeon Overview and Level Annotations

Branches:
Dungeon (2/15)

Shops:
D:1 =


Innate Abilities, Weirdness & Mutations

You have temporarily grown beastly horns and talons.
You have an increased reservoir of magic. (+10% MP)
You shall have no god before yourself.
Your divine heritage dramatically boosts your attributes as you level up.


Message History

The adder is severely wounded.
* * * LOW HITPOINT WARNING * * *
You feel sick. The adder closely misses you. The adder bites you.
* * * LOW HITPOINT WARNING * * *
The ball python barely misses you. The ball python closely misses you.
The adder barely misses you.
It was a potion of curing.
You feel better. The adder bites you but does no damage.
The ball python bites you. The ball python closely misses you.
The adder bites you.
* * * LOW HITPOINT WARNING * * *
The adder bites you.
* * * LOW HITPOINT WARNING * * *
You hit the adder.
The adder is severely wounded.
The ball python bites you.
* * * LOW HITPOINT WARNING * * *
The ball python grabs you. The ball python constricts you.
The adder completely misses you. The adder bites you but does no damage.
Unknown command.
You miss the adder. You headbutt the adder.
The adder is almost dead.
The ball python bites you but does no damage.
The ball python constricts you. The adder barely misses you.
The adder bites you.
* * * LOW HITPOINT WARNING * * *
You are lethally poisoned!
The adder poisons you!
Really quaff the potion of lignification? [Y]es or [N]o only, please.
Really quaff the potion of lignification?
Okay, then.
You barely miss the adder.
The adder is almost dead.
Your transformation is almost over.
* * * LOW HITPOINT WARNING * * *
You feel sick. The adder bites you but does no damage.
The ball python misses you. The ball python constricts you.
* * * LOW HITPOINT WARNING * * *
The adder bites you.
You die...

#...#.<.....#.#
.#..............
#######.#####.#
.######.....#...
...........##.# .#
#.....#... #######....##.#
.# #.....#^..
#...[##.###.############...
#....##.#......... #...
#....#..?......... ####
#....#.....S......
######....@S......
####.S....... #.........
#......... #.........
#......... #...$.....
##########


You could see 2 adders and a ball python.

Vanquished Creatures
  An adder (D:2)
  A dart slug (D:2)
  3 ball pythons
  3 bats
  2 endoplasms (D:1)
  4 goblins
  A hobgoblin (D:1)
  4 jackals (D:2)
  3 kobolds
  2 quokkas (D:1)
  3 frilled lizards
  7 rats
  A spectral hobgoblin (D:1)
35 creatures vanquished.

Notes
Turn   | Place    | Note
-------+----------+-------------------------------------------
     0 | D:1      | LustLizard the Demigod Transmuter began the quest for the
                  | Orb.
     0 | D:1      | Reached XP level 1. HP: 15/15 MP: 5/5
    61 | D:1      | Reached skill level 1 in Fighting
   259 | D:1      | Reached skill level 3 in Unarmed Combat
   259 | D:1      | Reached XP level 2. HP: 23/23 MP: 5/7
   274 | D:1      | Learned a level 2 spell: Wereblood
   423 | D:1      | Found Qunloj's One-of-a-Kind Rings.
   731 | D:2      | Reached XP level 3. HP: 19/28 MP: 6/8
  1281 | D:2      | HP: 1/28 [constriction (1)]
  1281 | D:2      | Slain by an adder

Illustrated notes

Levels and vault maps discovered:
D:1:      dpeg_arrival_stonehenge_8_columns, layout_basic,
          dreamdust_ecumenical_altar_drowned_temple, nicolae_shop_unique_rings,
          minivault_24
D:2:      layout_basic

Skill      XL: |  1  2 |
---------------+-------+-----
Fighting       | 1 |  1.4
Unarmed Combat | 3 |  3.3
Transmutations | 2 |  2.2
Spellcasting   | 2 |  2.1
Dodging        | |  1.7

Action                     || total
---------------------------++-------
  Melee: Unarmed           ||    84
         Kick              ||    13
         Headbutt          ||     9
         Punch             ||     2
   Cast: Beastly Appendage ||    27
         Wereblood         ||     2
    Use: Potion            ||     1
   Stab: Sleeping          ||     2
 Armour: Robe              ||    26
  Dodge: Dodged            ||    57
